 Dungeon Crawl Stone Soup version 0.25.0-26-g0c896c7088 (webtiles) character file.

Game seed: 7042679721744006489

6564 xccam the Slicer (level 11, 0/72 HPs)
             Began as an Octopode Assassin on July 2, 2020.
             Was a Priest of Uskayaw.
             Slain by a worker ant (7 damage)
             ... on level 10 of the Dungeon.
             The game lasted 00:14:29 (9403 turns).

xccam the Slicer (Octopode Assassin)                Turns: 9403, Time: 00:14:30

Health: 0/72       AC:  1    Str: 18    XL:     11   Next: 1%
Magic:  0/17       EV: 17    Int: 13    God:    Uskayaw [***...]
Gold:   344        SH:  5    Dex: 16    Spells: 10/10 levels left

rFire    . . .     SeeInvis .   a - +2 dagger (speed)
rCold    . . .     Gourm    .   e - +0 buckler (curse)
rNeg     . . .     Faith    .   y - +0 hat
rPois    .         Spirit   +   z - amulet of guardian spirit
rElec    .         Reflect  .   h - +6 ring of strength
rCorr    .         Harm     .   (no ring)
MR       .....                  (no ring)
Stlth    ++++......             (no ring)
HPRegen  0.22/turn              (no ring)
MPRegen  0.15/turn              (no ring)
                                (no ring)
                                (no ring)

@: very slightly contaminated
A: almost no armour, stealthy swim, amphibious, 8 rings, constrict 8, camouflage
1, gelatinous body 1
a: Stomp, Line Pass, Renounce Religion


You were on level 10 of the Dungeon.
You worshipped Uskayaw.
Uskayaw was aware of your devotion.
You were not hungry.

You visited 2 branches of the dungeon, and saw 11 of its levels.

You collected 459 gold pieces.
You spent 115 gold pieces at shops.

Inventory:

Hand Weapons
 a - a +2 dagger of speed (weapon)
Missiles
 b - 98 poisoned darts (quivered)
 c - 9 curare-tipped darts
Armour
 e - a cursed +0 buckler (worn)
 y - a +0 hat (worn)
Jewellery
 h - a +6 ring of strength (left tentacle)
 z - an amulet of guardian spirit (around mantle)
 B - an uncursed ring of flight
Wands
 r - a wand of iceblast (8)
 s - a wand of disintegration (8)
Scrolls
 f - a scroll of remove curse
 g - 3 scrolls of teleportation
 i - 4 scrolls of amnesia
 j - a scroll of magic mapping
 k - a scroll of enchant weapon
 o - a scroll of vulnerability
 p - 2 scrolls of fear
 t - a scroll of enchant armour {unknown}
 x - a scroll of fog
Potions
 l - 2 potions of cancellation {unknown}
 n - 2 potions of flight
 u - a potion of brilliance {unknown}
 v - 2 potions of magic
 w - a potion of resistance {unknown}
 A - 4 potions of haste
Comestibles
 d - 20 rations
 C - 2 chunks of flesh


   Skills:
 + Level 6.1 Fighting
 - Level 10.0 Short Blades
 - Level 2.0 Throwing
 + Level 6.1 Dodging
 + Level 6.3 Stealth
 - Level 5.0 Shields
 + Level 9.1 Invocations


You had 10 spell levels left.
You didn't know any spells.
Your spell library contained the following spells:

 Spells                   Type           Power        Failure   Level  Hunger
 Cause Fear               Hex            #.........   97%         4    #####..
 Silence                  Hex/Air        #.........   100%        5    ######.
 Yara's Violent Unravell  Hex/Tmut       #.........   100%        5    ######.
 Discord                  Hex            #.........   100%        8    #######


Dungeon Overview and Level Annotations

Branches:
Dungeon (10/15)            Temple (1/1) D:6            Lair (0/6) D:8
    Orc: D:9-12

Altars:
Ashenzari
Dithmenos
Elyvilon
Gozag
Hepliaklqana
Makhleb
Nemelex Xobeh
Qazlal
Ru
Trog
Uskayaw
Vehumet
Wu Jian
Xom
Yredelemnul
Zin
Jiyva

Shops:
D:4 ?   D:8 [


Innate Abilities, Weirdness & Mutations

You cannot wear most types of armour.
You are very stealthy in the water. (Stealth+)
You are amphibious.
You can wear up to eight rings at the same time.
You can use your tentacles to constrict eight enemies at once.
Your skin changes colour to match your surroundings (Stealth+).
Your rubbery body absorbs attacks. (AC +1, EV +1)


Message History

Press: ? - help, Dir - move target cursor
Okay, then.
A worker ant comes into view. x2
The wyvern bites you!
* * * LOW HITPOINT WARNING * * *
The phantom hits you!
* * * LOW HITPOINT WARNING * * *
The worker ant moves out of view.
You don't have enough magic at the moment.
Blink to where?
Press: ? - help, Dir - move target cursor You are very lightly contaminated with residual magic.
As you read the scroll of blinking, it crumbles to dust.
The worker ant bites you.
* * * LOW HITPOINT WARNING * * *
You are lethally poisoned!
The worker ant poisons you!
You feel better. The worker ant bites you!
You die...

################### #######
.................###.....รท
#..........####..........
#.......@a.# #####......
#........aW########K.....
#..........l.W)WKK9...#..
#.......[<.##########>#.%
##.......................
#.##.#################.. #<
#.# ... . #.# #... . #.#
...#


You could see a phantom, a wraith, a wyvern and 2 worker ants.

Vanquished Creatures
  A hydra (D:9)
  Pikel (D:7)
  A cyclops (D:9)
  A yaktaur (shapeshifter) (D:9)
  Prince Ribbit (D:8)
  A hippogriff (D:8)
  A basilisk (D:8)
  2 yaks
  2 wyverns
  Grum (D:8)
  An orc warrior (D:10)
  3 slaves (D:7)
  A phantom (D:9)
  5 sky beasts
  2 black bears
  A necrophage (D:6)
  4 ogres
  2 wolves (D:8)
  2 centaurs (D:6)
  A crocodile (D:8)
  4 bullfrogs
  4 scorpions
  A water moccasin skeleton (D:7)
  A howler monkey (D:7)
  3 crimson imps
  A bullfrog zombie (D:5)
  4 orc priests
  4 bullfrog skeletons
  2 centaur skeletons
  7 hounds
  5 jellies
  4 orc wizards
  An iguana (D:5)
  9 worker ants
  A hound zombie (D:5)
  3 gnolls (D:3)
  11 adders
  2 howler monkey skeletons
  2 shadow imps
  5 oozes (D:8)
  2 adder skeletons
  An adder zombie (D:5)
  7 worms
  A dart slug (D:1)
  5 leopard geckos
  18 orcs
  2 ball pythons
  11 bats
  5 giant cockroaches
  11 goblins
  10 hobgoblins
  8 quokkas
  5 frilled lizards
  6 kobolds
  A leopard gecko skeleton (D:5)
  3 leopard gecko zombies
  A quokka skeleton (D:4)
  5 rats
210 creatures vanquished.

Vanquished Creatures (others)
  A centaur (D:7)
1 creature vanquished.

Grand Total: 211 creatures vanquished

Notes
Turn   | Place    | Note
-------+----------+-------------------------------------------
     0 | D:1      | xccam the Octopode Assassin began the quest for the Orb.
     0 | D:1      | Reached XP level 1. HP: 14/14 MP: 1/1
    60 | D:1      | Reached XP level 2. HP: 18/19 MP: 2/2
   259 | D:1      | Reached skill level 3 in Short Blades
   454 | D:1      | Reached XP level 3. HP: 24/24 MP: 3/3
   940 | D:2      | Found a sacrificial altar of Ru.
   943 | D:2      | Reached skill level 4 in Short Blades
   952 | D:2      | Reached XP level 4. HP: 28/29 MP: 4/4
  1024 | D:2      | Found a hazy altar of Hepliaklqana.
  1213 | D:2      | Reached skill level 5 in Short Blades
  1226 | D:2      | Reached XP level 5. HP: 34/34 MP: 5/5
  2186 | D:3      | Reached skill level 6 in Short Blades
  2190 | D:3      | Reached XP level 6. HP: 25/39 MP: 6/6
  2667 | D:4      | Found Atruwn's Magic Scroll Boutique.
  2674 | D:4      | Bought a scroll of blinking for 97 gold pieces
  3271 | D:5      | Entered Level 5 of the Dungeon
  3287 | D:5      | Found a radiant altar of Vehumet.
  3425 | D:5      | Reached XP level 7. HP: 42/46 MP: 7/7
  3642 | D:5      | HP: 1/46 [sky beast (6)]
  4485 | D:6      | Noticed a yak
  4486 | D:6      | Noticed a yak
  4487 | D:6      | Noticed a yak
  4487 | D:6      | Noticed a yak
  4488 | D:6      | Noticed a yak
  4532 | D:6      | Reached XP level 8. HP: 54/54 MP: 8/8
  4566 | D:6      | Reached skill level 5 in Fighting
  4685 | D:6      | Reached skill level 5 in Dodging
  4733 | D:6      | Found a staircase to the Ecumenical Temple.
  4814 | Temple   | Entered the Ecumenical Temple
  4863 | Temple   | Became a worshipper of Uskayaw the Reveler
  5091 | D:6      | Reached * piety under Uskayaw
  5094 | D:6      | Reached ** piety under Uskayaw
  5127 | D:6      | Killed a yak
  5127 | D:6      | Reached skill level 7 in Short Blades
  5127 | D:6      | Reached skill level 1 in Invocations
  5127 | D:6      | Reached *** piety under Uskayaw
  5446 | D:6      | Reached XP level 9. HP: 48/62 MP: 10/10
  5874 | D:7      | Found a white marble altar of Elyvilon.
  5967 | D:7      | Noticed Pikel
  6000 | D:7      | Killed Pikel
  6000 | D:7      | Reached skill level 8 in Short Blades
  6000 | D:7      | Reached skill level 5 in Invocations
  6494 | D:8      | Found Xanuriom's Armour Emporium.
  6497 | D:8      | Bought a cursed +0 buckler for 18 gold pieces
  6502 | D:8      | Noticed Grum
  6513 | D:8      | Killed Grum
  6513 | D:8      | Reached skill level 1 in Shields
  6514 | D:8      | Reached **** piety under Uskayaw
  6522 | D:8      | Reached ***** piety under Uskayaw
  6967 | D:8      | Found a viscous altar of Jiyva.
  6994 | D:8      | Reached XP level 10. HP: 23/68 MP: 14/14
  7231 | D:8      | Reached skill level 9 in Short Blades
  7518 | D:8      | Found a staircase to the Lair.
  7518 | D:8      | Noticed Prince Ribbit
  7523 | D:8      | Killed Prince Ribbit
  7643 | D:8      | Found a basalt altar of Yredelemnul.
  8056 | D:9      | Noticed a cyclops
  8088 | D:9      | Found a transporter.
  8090 | D:9      | Found a transporter.
  8090 | D:9      | Noticed a five-headed hydra
  8093 | D:9      | Noticed a black mamba
  8330 | D:9      | Found a shadowy altar of Dithmenos.
  8361 | D:9      | Noticed a harpy
  8957 | D:9      | Killed a five-headed hydra
  8957 | D:9      | Reached skill level 10 in Short Blades
  8957 | D:9      | Reached skill level 5 in Shields
  9093 | D:9      | Killed a cyclops
  9170 | D:10     | Entered Level 10 of the Dungeon
  9355 | D:10     | Reached XP level 11. HP: 53/72 MP: 12/17
  9401 | D:10     | HP: 3/72 [phantom (7)]
  9403 | D:10     | Slain by a worker ant

Illustrated notes

Levels and vault maps discovered:
D:1:      dpeg_arrival_orchard, layout_basic
D:2:      layout_loops_ring, lemuel_crystal_altar,
          nicolae_ru_great_annihilating_truth, first_ration
D:3:      layout_loops_cross
D:4:      layout_cave_pools, serial_shops, nicolae_shop_statue_plus,
          eino_tiny_chamber
D:5:      layout_loops_corners, vehumet_crystals
D:6:      layout_basic, minmay_temple_entry_sparse_star
D:7:      layout_loops_ring, elyvilon_altar_3, uniq_pikel
D:8:      layout_basic, nicolae_overflow_hidden_temple, david_lair_generic,
          serial_shops, kennysheep_mini, hangedman_little_slice_of_home,
          uniq_prince_ribbit1, uniq_grum
D:9:      gammafunk_the_bubble [the_bubble_gammafunk_split], layout_rooms,
          lemuel_coloured_pillars_altar
D:10:     layout_rooms
Temple:   eino_temple_scatter_basement

Skill      XL: |  1  2  3  4  5  6  7  8  9 10 |
---------------+-------------------------------+-----
Short Blades   | 3 4 5 6 7 8 10 | 10.0
Dodging        | 2 4 6 |  6.1
Stealth        | 6 |  6.3
Fighting       | 3 4 6 |  6.1
Invocations    | 2 6 9 |  9.1
Shields        | 2 5 |  5.0
Throwing       | |  2.0

Action                   |  1- 3 |  4- 6 |  7- 9 | 10-12 || total
-------------------------+-------+-------+-------+-------++-------
Melee: Dagger            |    52 |   139 |   248 |   199 ||   638
       Constrict         |    10 |    34 |    30 |    20 ||    94
       Tentacles         |     6 |    41 |    70 |    67 ||   184
Invok: Stomp             |       |       |       |     1 ||     1
Evoke: Wand              |       |       |       |     3 ||     3
  Use: Potion            |       |       |     8 |     2 ||    10
       Scroll            |       |       |    12 |     4 ||    16
 Stab: Sleeping          |    15 |    14 |    26 |     6 ||    61
       Distracted        |       |       |     3 |       ||     3
       Paralysed         |       |       |     7 |     8 ||    15
  Eat: Chunk             |       |     8 |    11 |     4 ||    23
       Ration            |       |       |       |     1 ||     1
Armor: Skin              |     3 |    12 |     4 |     2 ||    21
Dodge: Dodged            |    17 |    59 |    72 |    61 ||   209
Block: Buckler           |       |       |     3 |    18 ||    21
